 Dungeon Crawl Stone Soup version 0.18-a0-775-g4d9e04e (webtiles) character file.

129 4thArraOfDagon the Chopper (level 5, -6/70 HPs)
             Began as a Hill Orc Berserker on Dec 13, 2015.
             Was a Believer of Trog.
             Mangled by a gnoll
             ... wielding a +0 halberd
              (12 damage)
             ... on level 4 of the Dungeon.
             The game lasted 00:03:40 (788 turns).

4thArraOfDagon the Chopper (Hill Orc Berserker)      Turns: 788, Time: 00:03:40

Health: -6/70      AC:  9    Str: 26    XL:     5   Next: 12%
Magic:  5/5        EV:  8    Int:  7    God:    Trog [**....]
Gold:   93         SH:  0    Dex: 10    Spells: 0 memorised, 4 levels left

rFire  . . .     SeeInvis .     a - +0 hand axe
rCold  . . .     Clarity  .     i - +0 chain mail
rNeg   . . .     SustAt   .     (no shield)
rPois  .         Gourm    .     (no helmet)
rElec  .         Spirit   .     h - +0 cloak (curse)
rCorr  .         Dismiss  .     (no gloves)
rMut   .         Stasis   .     (no boots)
MR     .....                    (no amulet)
Stlth  ..........               (no ring)
                                (no ring)

@: berserking (expiring), drained, very quick, not resistant to hostile
enchantments, extremely unstealthy
A: no striking features
a: Berserk, Trog's Hand, Burn Spellbooks, Renounce Religion


You were on level 4 of the Dungeon.
You worshipped Trog.
Trog was pleased with you.
You were not hungry.

You visited 1 branch of the dungeon, and saw 4 of its levels.

You collected 93 gold pieces.

Inventory:

Hand Weapons
 a - a +0 hand axe (weapon)
Missiles
 b - 3 curare-tipped needles
 n - a throwing net (quivered)
 p - 21 poisoned needles
Armour
 h - a cursed +0 cloak (worn)
 i - a +0 chain mail (worn)
Wands
 j - a wand of magic darts (8)
Scrolls
 d - a scroll of identify {unknown}
 e - 2 scrolls of magic mapping {unknown}
 l - a scroll of teleportation {unknown}
 q - a scroll of amnesia {unknown}
Potions
 g - 2 potions of agility {unknown}
 m - a potion of cancellation {unknown}
 o - a potion of brilliance {unknown}
 r - a potion of haste {unknown}
Books
 s - a book of Party Tricks

   Spells                             Type                      Level
   a - Summon Butterflies             Summoning                    1
   b - Apportation                    Translocation                1
   c - Tukima's Dance                 Hexes                        3
   d - Alistair's Intoxication        Transmutation/Poison         4
   e - Invisibility                   Hexes                        6
   Trog disapproves of the use of such an item.
Comestibles
 c - 4 bread rations
 f - 2 meat rations
 k - a chunk of flesh


   Skills:
 + Level 4.7(3.9) Fighting
 * Level 6.0(5.1) Axes
 + Level 3.1(2.3) Armour
 - Level 1.5(0.8) Dodging


You had 4 spell levels left.
You didn't know any spells.

Dungeon Overview and Level Annotations

Branches:
Dungeon (4/15)
 Temple: D:4-7

Altars:
Makhleb

Shops:
D:4 %

Annotations:
D:3 Grinder


Message History

The orc wizard is almost dead.
The gnoll hits you from afar with a halberd.
* * * LOW HITPOINT WARNING * * *
The orc wizard zaps a wand.
The bolt of negative energy hits you!
You feel drained.
* * * LOW HITPOINT WARNING * * *
You closely miss the orc wizard.
The orc wizard is almost dead.
Unknown command.
You hit the orc wizard.
You kill the orc wizard!
Trog accepts your kill.
Trog appreciates your killing of a magic user.
Your base Axes skill increases to level 6!
You have reached level 5!
You feel stronger.
The gnoll hits you from afar with a halberd.
* * * LOW HITPOINT WARNING * * *
The gnoll hits you with a halberd!
You die...

##### #.g.#
#####'#@#
#...#.#.#
#.#.#g#)#
#g#g#.#.#
#.#.#.#.#
#.#...#.#
##########.#####.#
#........#.#...#..
#.##.#####.#g#.###


You could see a gnoll.

Vanquished Creatures
  An orc wizard (D:4)
  Jessica (D:2)
  4 adders (D:3)
  2 oozes (D:2)
  6 orcs (D:3)
  6 bats
  2 giant cockroaches
  A goblin (D:1)
  3 kobolds
  2 giant newts (D:3)
  A quokka (D:3)
  A quokka skeleton (D:4)
  3 rats
33 creatures vanquished.

Notes
Turn   | Place    | Note
--------------------------------------------------------------
     0 | D:1      | 4thArraOfDagon the Hill Orc Berserker began the quest for the Orb.
     0 | D:1      | Reached XP level 1. HP: 19/19 MP: 1/1
   208 | D:2      | Noticed Jessica
   213 | D:2      | Killed Jessica
   213 | D:2      | Reached XP level 2. HP: 27/27 MP: 2/2
   213 | D:2      | Reached XP level 3. HP: 33/33 MP: 3/3
   265 | D:2      | Reached skill level 5 in Axes
   360 | D:3      | Reached XP level 4. HP: 40/40 MP: 4/4
   426 | D:3      | Noticed Grinder
   430 | D:3      | Paralysed by Grinder for 5 turns
   468 | D:4      | Found Muylieso's Food Emporium.
   551 | D:3      | Found a burning altar of Makhleb.
   552 | D:3      | Found a faded altar to an unknown god.
   598 | D:3      | Reached ** piety under Trog
   787 | D:4      | Reached skill level 6 in Axes
   787 | D:4      | Reached XP level 5. HP: 11/47 MP: 5/5
   788 | D:4      | Mangled by a gnoll

Vault maps used:
D:1:      roderic_crossed_star, minmay_misc_feat_square,
          hangedman_decor_slide_cut, monster_avoids_cloud
D:2:      yredelemnul_forgotten_temple_becter, uniq_jessica
D:3:      lemuel_crystal_altar, ecumenical_altar_2, first_bread, uniq_grinder
D:4:      marbit_many_paths, lemuel_crystal_altar, minmay_temple_entry_glass,
          serial_shops, shop, hex_medium, grunt_ministairs_4,
          roderic_serpentine_path

Action                   |  1- 3 |  4- 6 || total
-------------------------+-------+-------++-------
Melee: Hand axe          |    42 |    77 ||   119
Invok: Berserk           |     2 |     2 ||     4
       Trog's Hand       |       |     1 ||     1
Evoke: Wand              |       |     2 ||     2
  Eat: Chunk             |       |     3 ||     3
